 Dungeon Crawl Stone Soup version 0.31-a0-965-g8a8ce12e04 (webtiles) character file.

Game seed: 11871022128610496984

22 Gladio the Shooter (level 2, 17/17 HPs)
             Began as a Deep Elf Hunter on Oct 26, 2023.
             Was an Initiate of Ashenzari.
             Quit the game on level 1 of the Dungeon.
             The game lasted 00:02:09 (1061 turns).

Gladio the Shooter (Deep Elf Hunter)                Turns: 1061, Time: 00:02:10

Health: 17/17      AC:  3    Str:  8    XL:     2   Next: 68%
Magic:  4/4        EV: 17    Int: 13    God:    Ashenzari [......]
Gold:   74         SH:  0    Dex: 18    Spells: 1/1 levels left

rFire   . . .        a - +0 shortbow
rCold   . . .        (shield currently unavailable)
rNeg    . . .        c - +0 leather armour
rPois   .            (no helmet)
rElec   .            (no cloak)
rCorr   .            (no gloves)
SInv    .            (no boots)
Will    .....        (no amulet)
Stlth   ++           f - ring of the Enigmatic Welkin {EV+5, Fort, Comp} (curse)
HPRegen 0.22/turn    (no ring)
MPRegen 0.09/turn

%: no passive effects
@: no status effects
A: no striking features
a: Renounce Religion, Shatter the Chains


You were on level 1 of the Dungeon.
You worshipped Ashenzari.
Ashenzari was noncommittal.
You visited 1 branch of the dungeon, and saw 1 of its levels.

You collected 74 gold pieces.

Inventory:

Hand Weapons
 a - a +0 shortbow (weapon)
Armour
 c - a +0 leather armour (worn)
Jewellery
 f - the cursed ring of the Enigmatic Welkin (left hand) {EV+5, Fort, Comp}
   (You found it on level 1 of the Dungeon)

   [ring of evasion]

   EV+5:      It affects your evasion (+5).
   It has a curse which improves the following skills: Fortitude: Armour and
   Shields.
   Companions: Summonings and Necromancy.
 g - a ring of fire
Scrolls
 b - a scroll of butterflies
 e - a scroll of teleportation {unknown}
 i - a scroll of enchant weapon {unknown}
Potions
 d - a potion of heal wounds {unknown}
 h - a potion of curing {unknown}


   Skills:
 + Level 1.9 Fighting
 * Level 5.9 Ranged Weapons
 + Level 2.8 Dodging
 - Level 1.2 Stealth


You had one spell level left.
You didn't know any spells.
Your spell library was empty.

Dungeon Overview and Level Annotations

Branches:
Dungeon (1/15)

Altars:
Ashenzari

Annotations:
D:1 2 runed translucent doors


Message History

Key pressed, stopping explore.
Key pressed, stopping explore.
Key pressed, stopping explore.
Key pressed, stopping explore.
Key pressed, stopping explore.
Key pressed, stopping explore.
A frilled lizard comes into view.
A frilled lizard is nearby!
A frilled lizard is nearby!
You shoot an arrow. The arrow hits the frilled lizard.
You kill the frilled lizard!
No target in view!
You see here a frilled lizard corpse.
Key pressed, stopping explore.
Key pressed, stopping explore.
Key pressed, stopping explore.
Key pressed, stopping explore.
Key pressed, stopping explore.
Key pressed, stopping explore.
Key pressed, stopping explore.
Key pressed, stopping explore.
i - a scroll labelled IDDUGE FUMYAMP You now have 59 gold pieces (gained 12).
You now have 74 gold pieces (gained 15).
Key pressed, stopping explore.
Key pressed, stopping explore.
You see here a +0 club.
Key pressed, stopping explore.
You see here a +0 club.
The ball python hisses angrily.
You hear a shout! x2
The gnoll shouts!
The ball python hisses angrily.
The gnoll shouts!
The endoplasm quivers.
The gnoll shouts! x3
Key pressed, stopping explore.
Okay, then.
Level annotation: 2 runed translucent doors Welcome back, Gladio the Deep Elf Hunter.
Ashenzari says: Partake of my vision.
Partake of my curse.
Press ? for a list of commands and other information.
Are you sure you want to abandon this character and quit the game? (Confirm with "yes".)

.#.#.............#....#....#...##
.#.#...###........#...##..#.....#
.#.#......................##..#..
.#.#.).########....##..#..#...#..
.#.#...#...g ##....#...##..#...#
.#.#...#..g.#####.....#......#..#
.#.....#.g.J#.#.8......##......##
.#.#...#.g.g+..............##..#.
.#.#...#.ggS+...@....##.##..#...#
.#.#...#.ggg#.#.8.........#...#..
.#.#...#...S#####...#...#.#....##
...#...#.... ##..##....##....#..
.###...########..#...#....#....##
...#.................##......#...
##.##############################
................#################
##.#..#######...............#....


You could see 7 gnolls, an endoplasm, a goblin and a ball python.

Vanquished Creatures
  3 endoplasms (D:1)
  A giant cockroach (D:1)
  3 goblins (D:1)
  A kobold (D:1)
  A quokka (D:1)
  3 ball pythons (D:1)
  4 bats (D:1)
  2 frilled lizards (D:1)
  3 rats (D:1)
21 creatures vanquished.

Notes
Turn   | Place    | Note
-------+----------+-------------------------------------------
     0 | D:1      | Gladio the Deep Elf Hunter began the quest for the Orb.
     0 | D:1      | Reached XP level 1. HP: 12/12 MP: 3/3
    78 | D:1      | Found a large runed translucent door.
    78 | D:1      | Found a large runed translucent door.
   149 | D:1      | Found a faded altar of an unknown god.
   171 | D:1      | Reached XP level 2. HP: 17/17 MP: 4/4
   177 | D:1      | Prayed at the altar of an unknown god.
   177 | D:1      | Became a worshipper of Ashenzari the Shackled
  1061 | D:1      | Quit the game

Illustrated notes

Levels and vault maps discovered:
D:1:      erik_arrival_cave_to_civilisation [erik_arrival_cave_to_temple],
          layout_basic, shapermc_ecumenical_altar_totnotflames,
          minmay_misc_feat_enclosed, st_stairs_13

Action                     || total
---------------------------++-------
   Fire: Shortbow          ||    41
 Invoke: Curse Item        ||     1
 Armour: Leather armour    ||     4
  Dodge: Dodged            ||    10

Table legend: (Time is in decaauts)
 A = Elapsed time spent in this place.
 B = Non-inter-level travel time spent in this place.
 C = Inter-level travel time spent in this place.
 D = Time resting spent in this place.
 E = Time spent auto-exploring this place.
 F = Levels seen in this place.
 G = Mean time per level.
                   A        B        C        D        E       F      G
               +--------+--------+--------+--------+--------+-----+--------+
         Total |   1066 |   1060 |      6 |      0 |    973 |   1 | 1066.0 |
       Dungeon |   1066 |   1060 |      6 |      0 |    973 |   1 | 1066.0 |
               +--------+--------+--------+--------+--------+-----+--------+

Top non-repeatable levels by time:
     D:1: 1066 daAuts
